 Dungeon Crawl Stone Soup version 0.30-a0-924-g0ad0bf95bc (webtiles) character file.

Game seed: 4645007492178171145

25 ZappyNine the Ruffian (level 2, -4/24 HPs)
             Began as a Draconian Transmuter on Mar 22, 2023.
             Slain by an iron imp (6 damage)
             ... summoned by Natasha
             ... on level 2 of the Dungeon.
             The game lasted 00:01:04 (969 turns).

ZappyNine the Ruffian (Draconian Transmuter)         Turns: 969, Time: 00:01:05

Health: -4/24      AC:  4    Str: 12    XL:     2   Next: 86%
Magic:  4/5        EV: 12    Int: 13    God:
Gold:   84         SH:  0    Dex: 11    Spells: 4/5 levels left

rFire   . . .      SeeInvis .      - Unarmed
rCold   . . .      Faith    .    (no shield)
rNeg    . . .      Spirit   .    (body armour unavailable)
rPois   .          Reflect  .    (helmet currently unavailable)
rElec   .          Rampage  .    (no cloak)
rCorr   .                        (no gloves)
Will    .....                    (boots currently unavailable)
Stlth   +                        (no amulet)
HPRegen 0.24/turn                (no ring)
MPRegen 0.09/turn                (no ring)

@: appendages (expiring), slowed, very slow
A: horns 2, talons 2, AC +4, unfitting armour, cold-blooded
a: End Transformation


You were on level 2 of the Dungeon.
You had temporarily grown beastly horns and talons.
You visited 1 branch of the dungeon, and saw 2 of its levels.

You collected 84 gold pieces.

Inventory:

Jewellery
 b - a ring of fire
Scrolls
 c - 2 scrolls of fog {unknown}
 d - a scroll of silence {unknown}
 e - a scroll of noise {unknown}
 f - a scroll of brand weapon {unknown}
 h - a scroll of magic mapping {unknown}
 j - a scroll of teleportation {unknown}
Potions
 a - a potion of lignification
 g - a potion of curing {unknown}
 i - a potion of ambrosia {unknown}


   Skills:
 + Level 1.8 Fighting
 + Level 2.1 Dodging
 * Level 3.6 Unarmed Combat
 - Level 2.0 Spellcasting
 - Level 2.0 Transmutations


You had 4 spell levels left.
You knew the following spells:

 Your Spells              Type           Power      Damage    Failure   Level
a - Beastly Appendage     Tmut           12%        N/A       11%         1

Your spell library contained the following spells:

 Spells                   Type           Power      Damage    Failure   Level
 Wereblood                Tmut           6%         N/A       17%         2
 Sandblast                Erth           2%         2d4       26%         1
 Passwall                 Tmut/Erth      2%         N/A       26%         2
 Spider Form              Tmut/Pois      3%         N/A       45%         3
 Stone Arrow              Conj/Erth      2%         3d7       58%         3
 Ice Form                 Ice/Tmut       3%         N/A       86%         4


Dungeon Overview and Level Annotations

Branches:
Dungeon (2/15)

Altars:

Annotations:
D:2 Natasha


Innate Abilities, Weirdness & Mutations

You have temporarily grown beastly horns and talons.
Your plain brown scales are hard. (AC +4)
You cannot fit into any form of body armour.
You are cold-blooded and may be slowed by cold attacks.


Message History

You are too injured to fight recklessly!
You are too injured to fight recklessly!
You are too injured to fight recklessly!
You are too injured to fight recklessly!
You are too injured to fight recklessly!
There are monsters nearby!
There are monsters nearby!
Casting: Beastly Appendage (safe; 11% risk of failure)
Confirm with . or Enter, or press ? or * to list all spells.
You grow a pair of large bovine horns.
Your feet morph into talons.
Natasha claws you.
* * * LOW HITPOINT WARNING * * *
Unknown command.
You hit Natasha but do no damage. You tail-slap Natasha.
Natasha is lightly wounded.
Natasha closely misses you. The orc closely misses you.
Unknown command.
Unknown command.
You hit the orc. You claw the orc. Your headbutt misses the orc.
Your punch misses the orc.
The orc is almost dead.
Natasha mumbles some strange words.
The orc closely misses you.
Unknown command.
Unknown command.
You hit the orc but do no damage. Your kick misses the orc.
The orc is almost dead.
Natasha stares at you and mumbles some strange words.
You feel yourself slow down. The orc closely misses you.
Unknown command.
Unknown command.
Unknown command.
You hit the orc.
You kill the orc!
Your transformation is almost over.
Natasha mumbles some strange words.
The iron imp barely misses you. Natasha claws you.
* * * LOW HITPOINT WARNING * * *
The iron imp hits you.
You die...

##### ##########
#...# #........#
#...# #........#
#...# #.......5#
#^..# .........
#...# #...5h# #...#
#.##@# #...# #..).#
#####...#
.....#..####
#.......# ....
#..)..####.......##
###
#...#......>.......
#...######...†...##
#...#.....#.##.##..
#...#.###.#....##.#
....#.....#.##.##.#


You could see an iron imp (summoned), Natasha and a crimson imp (summoned).

Vanquished Creatures
  An orc (D:2)
  5 endoplasms
  2 giant cockroaches
  3 hobgoblins (D:1)
  2 jackals (D:1)
  A kobold (D:2)
  3 bats (D:1)
  2 goblins (D:1)
  3 rats
22 creatures vanquished.

Notes
Turn   | Place    | Note
-------+----------+-------------------------------------------
     0 | D:1      | ZappyNine the Draconian Transmuter began the quest for the
                  | Orb.
     0 | D:1      | Reached XP level 1. HP: 16/16 MP: 3/3
   249 | D:1      | Reached XP level 2. HP: 22/23 MP: 5/5
   961 | D:2      | Noticed Natasha
   969 | D:2      | Slain by an iron imp

Illustrated notes

Levels and vault maps discovered:
D:1:      scummos_arrival_simple_crosswalls, layout_basic
D:2:      layout_basic, hellmonk_ecumenical_altar_lost_god, basic_altar,
          due_unseen_surprise, uniq_natasha

Skill      XL: |  1 |
---------------+----+-----
Dodging        | 2 |  2.1
Fighting       | |  1.8
Unarmed Combat | |  3.6
Spellcasting   | |  2.0
Transmutations | |  2.0

Action                     || total
---------------------------++-------
  Melee: Unarmed           ||    84
         Tailslap          ||    10
         Punch             ||     2
         Kick              ||     2
   Cast: Beastly Appendage ||     3
 Armour: Skin              ||    26
  Dodge: Dodged            ||    40

Table legend: (Time is in decaauts)
 A = Elapsed time spent in this place.
 B = Non-inter-level travel time spent in this place.
 C = Inter-level travel time spent in this place.
 D = Time resting spent in this place.
 E = Time spent auto-exploring this place.
 F = Levels seen in this place.
 G = Mean time per level.
                   A        B        C        D        E       F      G
               +--------+--------+--------+--------+--------+-----+--------+
         Total |    964 |    935 |     29 |      5 |    761 |   2 |  482.0 |
       Dungeon |    964 |    935 |     29 |      5 |    761 |   2 |  482.0 |
               +--------+--------+--------+--------+--------+-----+--------+

Top non-repeatable levels by time:
     D:1: 836 daAuts
     D:2: 128 daAuts
